 Dungeon Crawl Stone Soup version bcrawl-1.19.1 (webtiles) character file.

Game seed: 8289013429014514861

79 Freyura the Twirler (level 4, -7/34 HPs)
             Began as a Demonspawn Gladiator on Nov 23, 2019.
             Mangled by Crazy Yiuf
             ... wielding a +2 quarterstaff of chaos
              (8 damage)
             ... on level 2 of the Dungeon.
             The game lasted 00:03:14 (1312 turns).

Freyura the Twirler (Demonspawn Gladiator)          Turns: 1312, Time: 00:03:15

Health: -7/34      AC:  4    Str: 14    XL:     4   Next: 16%
Magic:  0/4        EV: 13    Int:  9    God:
Gold:   118        SH:  0    Dex: 16    Spells: 3/3 levels left

rFire    + . .     SeeInvis .   a - +0 quarterstaff
rCold    . . .     Gourm    .   (shield currently unavailable)
rNeg     . . .     Faith    .   b - +0 leather armour
rPois    .         Spirit   .   c - +0 helmet
rElec    .         Reflect  .   (no cloak)
rCorr    .         Harm     .   (no gloves)
MR       .....                  (no boots)
Stlth    +.........             (no amulet)
HPRegen  0.11/turn              (no ring)
MPRegen  0.09/turn              (no ring)

@: no status effects
A: hooves 1, fire resistance 1
a: no special abilities


You were on level 2 of the Dungeon.
You were hungry.

You visited 1 branch of the dungeon, and saw 2 of its levels.

You collected 118 gold pieces.

Inventory:

Hand Weapons
 a - a +0 quarterstaff (weapon)
Missiles
 d - 3 throwing nets (quivered) {!f}
Armour
 b - a +0 leather armour (worn)
 c - a +0 helmet (worn)
Scrolls
 e - 2 scrolls of amnesia {unknown}
 h - a scroll of identify {unknown}
 i - a scroll of fear {unknown}
 l - a scroll of noise {unknown}
 m - a scroll of enchant armour {unknown}
Potions
 g - a potion of lignification {unknown}
 j - a potion of resistance {unknown}
 k - a potion of curing {unknown}
Comestibles
 f - 3 rations {!d}


   Skills:
 + Level 2.6 Fighting
 * Level 3.5 Staves
 - Level 1.7 Throwing
 + Level 1.3 Armour
 + Level 3.1 Dodging


You had 3 spell levels left.
You didn't know any spells.
Your spell library was empty.

Dungeon Overview and Level Annotations

Branches:
Dungeon (2/12)

Altars:
Okawaru

Annotations:
D:2 Crazy Yiuf


Innate Abilities, Weirdness & Mutations

You have large cloven feet.
Your flesh is heat resistant. (rF+)


Message History

There is an open door here.
You hit Crazy Yiuf. Your kick misses Crazy Yiuf.
Crazy Yiuf is lightly wounded.
Crazy Yiuf hits you with a +2 quarterstaff of chaos!
Crazy Yiuf freezes you.
You hit Crazy Yiuf. You kick Crazy Yiuf.
Crazy Yiuf is moderately wounded.
Crazy Yiuf hits you but does no damage.
You hit Crazy Yiuf.
Crazy Yiuf is heavily wounded.
Crazy Yiuf hits you with a +2 quarterstaff of chaos!
You feel your power leaking away.
You hit Crazy Yiuf but do no damage.
Crazy Yiuf is heavily wounded.
Crazy Yiuf hits you with a +2 quarterstaff of chaos!
* * * LOW HITPOINT WARNING * * *
You hit Crazy Yiuf. You kick Crazy Yiuf.
Crazy Yiuf is severely wounded.
Crazy Yiuf hits you with a +2 quarterstaff of chaos!
You die...

#.# #.# #.# #.## #.#
#..# ### #####.#
#.....#
#######.....# ####
###.#....#.##.#
#...##..#..)....##.#
#..g@.####).....##.#
#)..### ##...).##.#
# #### #####)##.# #
#รท....# ###########
##<#### ..........#
### #.# ........###
#.# # #.# #####.#.#
#.#.# #.# #)#.#
#.#.######.#


You could see Crazy Yiuf.

Vanquished Creatures
  4 worms
  2 leopard geckos (D:2)
  4 giant cockroaches
  4 goblins
  6 hobgoblins (D:1)
  14 jackals (D:1)
  8 kobolds
  6 bats
  2 frilled lizards
  7 rats
57 creatures vanquished.

Notes
Turn   | Place    | Note
-------+----------+-------------------------------------------
     0 | D:1      | Freyura the Demonspawn Gladiator began the quest for the
                  | Orb.
     0 | D:1      | Reached XP level 1. HP: 16/16 MP: 1/1
    49 | D:1      | Gained mutation: You have large cloven feet. [demonic
                  | ancestry]
    49 | D:1      | Reached XP level 2. HP: 9/22 MP: 2/2
   479 | D:1      | Reached XP level 3. HP: 20/28 MP: 3/3
   559 | D:1      | Reached skill level 1 in Armour
  1108 | D:2      | Gained mutation: Your flesh is heat resistant. (rF+)
                  | [demonic ancestry]
  1108 | D:2      | Reached XP level 4. HP: 21/34 MP: 4/4
  1257 | D:2      | Found an iron altar of Okawaru.
  1302 | D:2      | Found a runed door.
  1306 | D:2      | Noticed Crazy Yiuf
  1311 | D:2      | HP: 1/34 [Crazy Yiuf/+2 quarterstaff of chaos (13)]
  1312 | D:2      | Mangled by Crazy Yiuf

Skill      XL: |  1  2  3 |
---------------+----------+-----
Staves         | 3 |  3.5
Armour         | 1 |  1.3
Dodging        | 3 |  3.1
Fighting       | |  2.6
Throwing       | |  1.7

Action                   |  1- 3 |  4- 6 || total
-------------------------+-------+-------++-------
Melee: Quarterstaff      |   142 |    16 ||   158
       Kick              |    27 |     8 ||    35
 Stab: Sleeping          |     1 |       ||     1
  Eat: Chunk             |     1 |       ||     1
Armor: Leather armour    |    47 |     4 ||    51
Dodge: Dodged            |   115 |     8 ||   123
